 Dungeon Crawl Stone Soup version 0.30-a0-718-geaa24f58ff (webtiles) character file.

Game seed: 4278473330619369468

4689 BigDaddyOpFi the Fighter (level 10, -4/80 HPs)
             Began as a Demonspawn Fighter on Jan 25, 2023.
             Was an Initiate of Makhleb.
             Slain by a yak (11 damage)
             ... on level 9 of the Dungeon.
             The game lasted 00:10:54 (7695 turns).

BigDaddyOpFi the Fighter (Demonspawn Fighter)       Turns: 7695, Time: 00:10:55

Health: -4/80      AC: 16    Str: 19 (21) XL:     10   Next: 21%
Magic:  10/10      EV:  6    Int:  7 (9)  God:    Makhleb [......]
Gold:   524        SH:  0    Dex: 18 (19) Spells: 9/9 levels left

rFire   . . .      SeeInvis .    t - +2 club (spect)
rCold   . . .      Faith    .    n - +0 kite shield
rNeg    . . .      Spirit   .    m - +2 chain mail
rPois   .          Reflect  .    p - +0 helmet
rElec   .          Harm     .    s - scarf {repulsion}
rCorr   .          Rampage  .    A - +0 pair of gloves
Will    .....                    D - +0 pair of boots Stlth
                                 (no amulet)
HPRegen 0.33/turn                J - +6 ring of dexterity
MPRegen 0.12/turn                N - ring of wizardry

@: confused, ambrosia-drunk, repel missiles
A: hooves 1, demonic guardian 2, demonic magic 3
a: Renounce Religion


You were on level 9 of the Dungeon.
You worshipped Makhleb.
Makhleb was noncommittal.
You visited 2 branches of the dungeon, and saw 10 of its levels.

You collected 524 gold pieces.

Inventory:

Hand Weapons
 a - a +0 war axe
 t - a +2 spectral club (weapon)
Missiles
 E - 2 throwing nets
Armour
 h - a +0 cloak
 m - a +2 chain mail (worn)
 n - a +0 kite shield (worn)
 p - a +0 helmet (worn)
 s - a scarf of repulsion (worn)
 A - a +0 pair of gloves (worn)
 D - a +0 pair of boots (worn)
Jewellery
 j - a ring of resist corrosion
 y - a ring of fire
 J - a +6 ring of dexterity (left hand)
 M - a ring of ice
 N - a ring of wizardry (right hand)
Wands
 f - a wand of polymorph (9)
 k - a wand of flame (10) (quivered)
Scrolls
 d - 8 scrolls of identify
 e - 2 scrolls of immolation
 i - 4 scrolls of magic mapping
 u - a scroll of blinking {unknown}
 v - a scroll of torment {unknown}
 C - a scroll of enchant weapon {unknown}
 H - a scroll of summoning {unknown}
 I - a scroll of poison {unknown}
 K - a scroll of amnesia
 L - a scroll of brand weapon {unknown}
Potions
 b - 3 potions of curing
 g - a potion of ambrosia
 l - a potion of degeneration
 q - a potion of resistance {unknown}
 r - 2 potions of heal wounds {unknown}
 w - a potion of magic {unknown}
 x - a potion of brilliance {unknown}
 z - a potion of berserk rage {unknown}
 B - a potion of lignification {unknown}
 F - 2 potions of mutation {unknown}
 G - a potion of cancellation {unknown}


   Skills:
 + Level 8.1 Fighting
 - Level 3.0(5.0) Axes
 + Level 6.2(6.6) Maces & Flails
 + Level 7.4 Armour
 + Level 7.4 Shields


You had 9 spell levels left.
You didn't know any spells.
Your spell library contained the following spells:

 Spells                   Type           Power      Damage    Failure   Level
 Apportation              Tloc           0%         N/A       98%         1
 Beastly Appendage        Tmut           0%         N/A       98%         1
 Kiss of Death            Conj/Necr      0%         2d5       98%         1
 Necrotise                Necr           0%         1d4       98%         1
 Summon Small Mammal      Summ           0%         N/A       98%         1
 Sublimation of Blood     Necr           0%         N/A       99%         2
 Wereblood                Tmut           0%         N/A       99%         2
 Inner Flame              Hex/Fire       0%         N/A       100%        3
 Spider Form              Tmut/Pois      0%         N/A       100%        3
 Summon Guardian Golem    Hex/Summ       0%         N/A       100%        3
 Vhi's Electric Charge    Tloc/Air       0%         N/A       100%        3
 Flame Wave               Conj/Fire      0%         2d4       100%        4
 Sticky Flame             Conj/Fire      0%         2d3       100%        4
 Starburst                Conj/Fire      0%         6d3       100%        6
 Orb of Destruction       Conj           0%         9d5       100%        7
 Spellforged Servitor     Conj/Summ      0%         N/A       100%        7
 Summon Hydra             Summ           0%         N/A       100%        7


Dungeon Overview and Level Annotations

Branches:
Dungeon (9/15)             Temple (1/1) D:7
   Lair: D:8-11         Orc: D:9-12

Altars:
Ashenzari
Cheibriados
Dithmenos
Fedhas
Gozag
Hepliaklqana
Kikubaaqudgha
Makhleb
Nemelex Xobeh
Ru
Sif Muna
Trog
Uskayaw
Vehumet
Wu Jian
Xom

Shops:
D:8 (([


Innate Abilities, Weirdness & Mutations

You have large cloven feet.
A demonic guardian rushes to your aid.
Spells you cast and wands you use may paralyse nearby enemies.


Message History

Your rust devil hits the orc!
The orc dies!
Makhleb accepts your kill. The orc warrior completely misses you.
The yak gores you. The yak gores your rust devil!
You hit the yak.
The yak is moderately wounded.
Your +2 spectral club hits the yak.
Your rust devil hits the yak.
Your rust devil corrodes the yak!
The yak barely misses you. The orc warrior barely misses you.
The yak gores your rust devil!
You barely miss the yak.
The yak is heavily wounded.
Your +2 spectral club hits the yak.
Your rust devil hits the yak!
The yak seems to be corroded for longer.
The orc warrior hits you from afar with a +0 halberd.
The yak gores your rust devil! The yak gores you.
* * * LOW HITPOINT WARNING * * *
Your rust devil hits the yak.
The yak seems to be corroded for longer.
You block the orc warrior's attack. The yak gores you.
* * * LOW HITPOINT WARNING * * *
You hit the orc warrior but do no damage.
Your +2 spectral club hits the orc warrior but does no damage.
The bullfrog hits you but does no damage.
Your rust devil hits the yak.
The yak seems to be corroded for longer.
You block the yak's attack.
The orc warrior hits you but does no damage.
The bullfrog hits you.
* * * LOW HITPOINT WARNING * * *
A demonic guardian appears!
You are confused.
You feel invigorated. The bullfrog closely misses you.
Your rust devil hits the yak.
The yak seems to be corroded for longer.
The yak barely misses you.
The orc warrior hits you with a +0 halberd!
* * * LOW HITPOINT WARNING * * *
The yak gores you!
You die...

.. ##.##
#(.. #..#
#.. #
###.#.#
####.4F#.#
#....8@o§#
#...)YY§.#
#....4)..#
#........#
#..8...8.#
##.#...#.#
#...#.#.#
###...#.#
## .#


You could see 2 yaks, an orc warrior, a bullfrog (ally target), a friendly ice
devil (summoned) and a friendly rust devil (summoned).

Vanquished Creatures
  Pikel (D:6)
  A troll (D:8)
  Grinder (D:6)
  Sigmund (D:6)
  A yak (D:9)
  3 water moccasins
  An ice beast (D:7)
  2 sky beasts (D:6)
  4 centaurs
  A lemure (D:6)
  2 kobold brigands
  4 phantoms
  3 necrophages
  3 bullfrogs
  8 scorpions
  A howler monkey (D:5)
  Crazy Yiuf (D:6)
  2 hounds (D:4)
  A jelly (D:4)
  Jessica (D:3)
  3 iguanas (D:6)
  Natasha (twice) (D:2)
  7 orc wizards
  Robin (D:2)
  10 adders
  3 gnolls (D:5)
  A shadow imp (D:6)
  2 ufetubi (D:6)
  2 worms
  3 dart slugs
  28 orcs
  4 endoplasms
  4 giant cockroaches
  19 goblins
  11 hobgoblins
  4 jackals (D:2)
  2 quokkas
  11 ball pythons
  3 bats
  4 frilled lizards
  10 kobolds
  5 rats
181 creatures vanquished.

Vanquished Creatures (collateral kills)
  A wyvern (D:9)
  A steam dragon (D:7)
  2 ogres
  An electric eel (D:8)
  A hound (D:4)
  Natasha (D:2)
  A shadow imp (D:8)
  7 orcs
15 creatures vanquished.

Grand Total: 196 creatures vanquished

Notes
Turn   | Place    | Note
-------+----------+-------------------------------------------
     0 | D:1      | BigDaddyOpFi the Demonspawn Fighter began the quest for the
                  | Orb.
     0 | D:1      | Reached XP level 1. HP: 18/18 MP: 1/1
   338 | D:1      | Gained mutation: Spells you cast may paralyse adjacent
                  | enemies. [demonic ancestry]
   338 | D:1      | Reached XP level 2. HP: 24/24 MP: 2/2
   854 | D:1      | You fall into a shaft and drop 1 floor!
  1108 | D:2      | Gained mutation: A weak demonic guardian rushes to your
                  | aid. [demonic ancestry]
  1108 | D:2      | Reached XP level 3. HP: 29/29 MP: 3/3
  1239 | D:2      | Noticed Natasha
  1246 | D:2      | Killed Natasha
  1321 | D:2      | Noticed Natasha
  1342 | D:2      | Killed Natasha
  1343 | D:2      | Gained mutation: Spells you cast may paralyse nearby
                  | enemies. [demonic ancestry]
  1343 | D:2      | Reached XP level 4. HP: 4/36 MP: 4/4
  1763 | D:2      | Noticed Robin
  1769 | D:2      | Killed Robin
  2078 | D:2      | Noticed Natasha
  2090 | D:2      | Killed Natasha
  2091 | D:2      | Gained mutation: You have large cloven feet. [demonic
                  | ancestry]
  2091 | D:2      | Reached XP level 5. HP: 18/42 MP: 5/5
  2317 | D:3      | Found a bloodstained altar of Trog.
  2605 | D:3      | Found an ancient bone altar of Kikubaaqudgha.
  2653 | D:3      | Noticed Jessica
  2657 | D:3      | Reached skill level 4 in Fighting
  2660 | D:3      | Killed Jessica
  3031 | D:4      | Reached XP level 6. HP: 48/48 MP: 6/6
  3038 | D:4      | Reached skill level 1 in Maces & Flails
  3179 | D:4      | Found an ornate altar of the Wu Jian Council.
  3313 | D:4      | Reached XP level 7. HP: 55/55 MP: 7/7
  3419 | D:5      | Entered Level 5 of the Dungeon
  3500 | D:5      | Reached skill level 5 in Fighting
  3723 | D:5      | Got the Grimoire of the Door and the Impact
  3956 | D:5      | Reached skill level 5 in Shields
  4083 | D:5      | Reached skill level 5 in Armour
  4083 | D:5      | Reached XP level 8. HP: 54/63 MP: 8/8
  4437 | D:5      | Found a hazy altar of Hepliaklqana.
  4765 | D:6      | Noticed Sigmund
  4778 | D:6      | Killed Sigmund
  4779 | D:6      | Reached skill level 6 in Fighting
  4944 | D:6      | Found a runed translucent door.
  4945 | D:6      | Noticed Crazy Yiuf
  5381 | D:6      | Gained mutation: A demonic guardian rushes to your aid.
                  | [demonic ancestry]
  5381 | D:6      | Reached XP level 9. HP: 71/71 MP: 9/9
  5479 | D:6      | Noticed Grinder
  5501 | D:6      | Killed Grinder
  5628 | D:6      | Noticed Pikel
  5665 | D:6      | Killed Pikel
  5666 | D:6      | Reached skill level 7 in Fighting
  5666 | D:6      | Reached skill level 5 in Maces & Flails
  5872 | D:6      | Killed Crazy Yiuf
  6441 | D:7      | Found a staircase to the Ecumenical Temple.
  6463 | Temple   | Entered the Ecumenical Temple
  6725 | D:8      | Found Cauzutt's Antique Armour Shop.
  6727 | D:8      | Found Homomur's Weapon Emporium.
  6729 | D:8      | Found Puutyuk's Antique Weapon Shoppe.
  6822 | D:8      | Gained mutation: Spells you cast and wands you use may
                  | paralyse nearby enemies. [demonic ancestry]
  6822 | D:8      | Reached XP level 10. HP: 80/80 MP: 10/10
  7198 | D:8      | Found a burning altar of Makhleb.
  7402 | D:8      | Reached skill level 8 in Fighting
  7659 | D:8      | Became a worshipper of Makhleb the Destroyer
  7695 | D:9      | Slain by a yak

Illustrated notes

Levels and vault maps discovered:
D:1:      shiori_arrival_maze, layout_loops_corners, minmay_vboxes
D:2:      layout_loops_corners, minmay_tripent, uniq_natasha, uniq_robin
D:3:      layout_loops_cross, nicolae_kikubaaqudgha_miasma_corner,
          mainiacjoe_overflow_tiny_flanked, due_unseen_surprise, uniq_jessica
D:4:      layout_rooms, nzn_wu_jian_contemplation
D:5:      layout_loops_ring, nicolae_hepliaklqana_hippocampus
D:6:      layout_loops_cross, uniq_crazy_yiuf_cottage, uniq_grinder,
          uniq_sigmund, uniq_pikel
D:7:      layout_basic, temple_fountains, corexii_leaking_fountain, minivault_26
D:8:      layout_basic, amcnicky_altar_gilded, nicolae_wooded_promenade
D:9:      layout_loops_ring, okawaru_gym_becter, minmay_misc_feat_enclosed,
          grunt_ministairs_1, serial_park_tiny_1, bh_walls_and_bars
Temple:   nicolae_temple_great_sept

Skill      XL: |  1  2  3  4  5  6  7  8  9 10 |
---------------+-------------------------------+-----
Axes           | 2 3 |  3.0
Armour         | 3 4 5 6 7 |  7.4
Shields        | 3 4 5 6 7 |  7.4
Fighting       | 4 5 6 7 8 |  8.1
Maces & Flails | 1 3 4 5 6 |  6.2

Action                     |  1- 3 |  4- 6 |  7- 9 | 10-12 || total
---------------------------+-------+-------+-------+-------++-------
  Melee: War axe           |    91 |   129 |       |       ||   220
         Kick              |       |    25 |    16 |       ||    41
         Club              |       |    48 |   308 |    70 ||   426
    Use: Scroll            |     6 |       |       |     2 ||     8
         Potion            |     1 |       |     2 |     3 ||     6
   Stab: Distracted        |       |       |     4 |       ||     4
 Armour: Scale mail        |    24 |       |       |       ||    24
         Chain mail        |    27 |    98 |   178 |    60 ||   363
  Dodge: Dodged            |    28 |    45 |    71 |    33 ||   177
         Repelled          |       |     1 |     1 |       ||     2
  Block: Buckler           |    25 |    21 |       |       ||    46
         Kite shield       |       |    25 |   135 |    71 ||   231

Table legend: (Time is in decaauts)
 A = Elapsed time spent in this place.
 B = Non-inter-level travel time spent in this place.
 C = Inter-level travel time spent in this place.
 D = Time resting spent in this place.
 E = Time spent auto-exploring this place.
 F = Levels seen in this place.
 G = Mean time per level.
                   A        B        C        D        E       F      G
               +--------+--------+--------+--------+--------+-----+--------+
         Total |   7886 |   7552 |    334 |    445 |   5512 |  10 |  788.6 |
       Dungeon |   7812 |   7486 |    326 |    445 |   5512 |   9 |  868.0 |
        Temple |     73 |     65 |      8 |      0 |      0 |   1 |   73.0 |
               +--------+--------+--------+--------+--------+-----+--------+

Top non-repeatable levels by time:
     D:2: 1485 daAuts
     D:6: 1454 daAuts
     D:5: 1236 daAuts
     D:8: 961 daAuts
     D:1: 878 daAuts
     D:3: 713 daAuts
     D:7: 605 daAuts
     D:4: 457 daAuts
  Temple: 73 daAuts
     D:9: 17 daAuts
